 Dungeon Crawl Stone Soup version 0.28-a0-519-gbfeecf2fc5 (webtiles) character file.

Game seed: 10828906647329171955

5061 Shayle the Fighter (level 10, 0/118 HPs)
             Began as an Ogre Warper on Sept 24, 2021.
             Was a Follower of Kikubaaqudgha.
             Killed from afar by an orc wizard (3 damage)
             ... with a puff of flame
             ... on level 8 of the Dungeon.
             The game lasted 00:27:57 (11432 turns).

Shayle the Fighter (Ogre Warper)                   Turns: 11432, Time: 00:27:58

Health: 0/118      AC:  4    Str: 17    XL:     10   Next: 56%
Magic:  22/27      EV:  9    Int: 17    God:    Kikubaaqudgha [*.....]
Gold:   240        SH:  0    Dex:  8    Spells: 10/20 levels left

rFire   . . .      SeeInvis .   a - +2 giant club (spect)
rCold   . . .      Faith    .   (shield currently unavailable)
rNeg    . . .      Spirit   .   b - +1 robe
rPois   .          Reflect  .   (helmet restricted)
rElec   .          Harm     .   (no cloak)
rCorr   .          Rampage  .   (gloves unavailable)
Will    +....                   (boots unavailable)
Stlth   +.........              (no amulet)
HPRegen 0.29/turn               e - ring of wizardry
MPRegen 0.20/turn               h - ring of magical power

@: very slightly contaminated
A: large, unfitting armour, tough skin 1
a: Renounce Religion, Receive Corpses


You were on level 8 of the Dungeon.
You worshipped Kikubaaqudgha.
Kikubaaqudgha was aware of your devotion.
You visited 2 branches of the dungeon, and saw 10 of its levels.

You collected 496 gold pieces.
You spent 256 gold pieces at shops.

Inventory:

Hand Weapons
 a - a +2 spectral giant club (weapon)
 j - a +0 war axe
 s - a +1 hand axe of electrocution
 y - a +1 giant spiked club
 z - a +3 short sword of venom
 A - the +1 rapier of Ru {holy, rElec}
   (You found it on level 8 of the Dungeon)

   It has been blessed by the Shining One to cause great damage to the undead
   and demons.
   rElec:     It insulates you from electricity.
 C - a +2 scimitar of flaming
Missiles
 k - 30 poisoned darts (quivered)
 t - a boomerang
Armour
 b - a +1 robe (worn)
 H - a +0 cloak
Jewellery
 e - a ring of wizardry (left hand)
 h - a ring of magical power (right hand)
 m - a ring of fire
 o - a ring of wizardry
 p - a +6 ring of dexterity
 w - a +4 ring of evasion
 x - a ring of positive energy
 I - a +4 ring of slaying
Wands
 g - a wand of iceblast (9)
 u - a wand of flame (10)
 G - a wand of paralysis (5)
Scrolls
 c - 2 scrolls of blinking
 d - 2 scrolls of fog
 i - 5 scrolls of teleportation
 n - a scroll of enchant armour
 q - a scroll of summoning {unknown}
 r - a scroll of brand weapon {unknown}
 B - a scroll of silence
 E - a scroll of magic mapping
 F - a scroll of identify
Potions
 f - 3 potions of brilliance
 l - 4 potions of flight
 v - a potion of curing {unknown}
 D - 2 potions of degeneration {unknown}


   Skills:
 + Level 12.8 Fighting
 + Level 9.1 Maces & Flails
 - Level 1.0 Throwing
 - Level 2.1 Dodging
 + Level 5.7 Spellcasting
 + Level 5.1 Translocations


You had 10 spell levels left.
You knew the following spells:

 Your Spells              Type           Power      Damage    Failure   Level
a - Blink                 Tloc           N/A        N/A       1%          2
b - Teleport Other        Tloc           22%        N/A       1%          3
c - Manifold Assault      Tloc           22%        N/A       17%         5

Your spell library contained the following spells:

 Spells                   Type           Power      Damage    Failure   Level
 Apportation              Tloc           44%        N/A       1%          1
 Gell's Gravitas          Tloc           11%        N/A       1%          3
 Lesser Beckoning         Tloc           22%        N/A       1%          3
 Animate Skeleton         Necr           8%         N/A       5%          1
 Foxfire                  Conj/Fire      16%        2x1d4     5%          1
 Pain                     Necr           16%        1d4       5%          1
 Summon Small Mammal      Summ           16%        N/A       5%          1
 Sublimation of Blood     Necr           2%         N/A       9%          2
 Conjure Flame            Conj/Fire      4%         6-21      16%         3
 Dazzling Flash           Conj/Hex       8%         N/A       16%         3
 Inner Flame              Hex/Fire       4%         N/A       16%         3
 Vampiric Draining        Necr           2%         2d6       16%         3
 Cause Fear               Hex            2%         N/A       45%         4
 Flame Wave               Conj/Fire      4%         3d3       45%         4
 Petrify                  Tmut/Erth      4%         N/A       45%         4
 Agony                    Necr           4%         N/A       78%         5
 Metabolic Englaciation   Hex/Ice        2%         N/A       78%         5
 Silence                  Hex/Air        2%         N/A       78%         5
 Statue Form              Tmut/Erth      2%         N/A       100%        6
 Dragon Form              Tmut           2%         N/A       100%        7
 Dragon's Call            Summ           2%         N/A       100%        9


Dungeon Overview and Level Annotations

Branches:
Dungeon (9/15)             Temple (1/1) D:5
   Lair: D:8-11         Orc: D:9-12

Altars:
Ashenzari
Cheibriados
Dithmenos
Elyvilon
Fedhas
Gozag
Hepliaklqana
Kikubaaqudgha
Makhleb
Nemelex Xobeh
Okawaru
Qazlal
Ru
Sif Muna
Trog
Uskayaw
Vehumet
Wu Jian
Xom
Yredelemnul
Zin

Shops:
D:8 **(

Annotations:
D:5 3 runed translucent doors, AlleluiaPinecone's ghost, amateur VSBr; Dittersdorf's ghost, novice GrFi; robertstho's ghost, weakling TrDe


Innate Abilities, Weirdness & Mutations

You are too large for most types of armour.
You have tough skin. (AC +1)


Message History

The orc wizard gestures at you while chanting.
You easily resist.
You closely miss the orc wizard. The orc wizard casts a spell at you.
The magic dart hits you!
* * * LOW HITPOINT WARNING * * *
Unknown command.
Okay, then.
You completely miss the orc wizard.
The orc wizard hits you but does no damage.
You closely miss the orc wizard.
The orc wizard hits you with a +0 dagger.
* * * LOW HITPOINT WARNING * * *
You barely miss the orc wizard.
The orc wizard hits you but does no damage.
Okay, then.
You hit the orc wizard.
The orc wizard is moderately wounded.
The orc wizard completely misses you.
Aiming: Paralyse
Press: ? - help, Shift-Dir - straight line, f - orc wizard
Aim: an orc wizard, wielding a +0 dagger and wearing a +0 robe (moderately wounded, chance to affect: 46%)
The orc wizard resists with some effort.
The orc wizard hits you with a +0 dagger.
* * * LOW HITPOINT WARNING * * *
Aiming: Paralyse
Press: ? - help, Shift-Dir - straight line, f/p - orc wizard
Aim: an orc wizard, wielding a +0 dagger and wearing a +0 robe (moderately wounded, chance to affect: 46%)
The orc wizard resists with some effort.
The orc wizard points at you and mumbles some strange words.
The puff of flame hits you!
* * * LOW HITPOINT WARNING * * *
Aiming: Paralyse
Press: ? - help, Shift-Dir - straight line, f/p - orc wizard
Aim: an orc wizard, wielding a +0 dagger and wearing a +0 robe (moderately wounded, chance to affect: 46%)
The orc wizard resists with some effort.
The orc wizard points at you and mumbles some strange words.
The puff of flame hits you.
You die...
Kikubaaqudgha rasps: "You have failed me!
Welcome... death!"

[..# #..##.############.# ...#
##.#........# #.# ...#
#....#####.# #.# ...# #....#
#.# #.##### ...# #....#####.#
#.#.... ...# #(#......#.#
#.#.### ...# #(#).....#.#
#.#.# # ...#
#)).>##.##.######.#.# # ...#
###..o@...........#.# # ####
#..##..#.########.# #
#..#...#.......##.# #
#..#...#######.##.# #
#..#.#.........##.# #
#.∩#.############.# #
##########..#.#............# #
#...........#.###.############
#.#########.#.###.#...........


You could see an orc wizard.

Vanquished Creatures
  Erica (D:8)
  A two-headed ogre (D:9)
  Maurice (D:9)
  A shadow (D:9)
  A vampire (D:7)
  A wyvern (D:5)
  2 steam dragons
  Menkaure (D:6)
  Duvessa (D:6)
  A sky beast (D:5)
  An ice beast (D:7)
  3 black bears
  An orc warrior (D:8)
  A necrophage (D:6)
  3 ogres
  5 centaurs
  A kobold brigand (D:8)
  2 bullfrogs
  A scorpion (D:6)
  A water moccasin zombie (D:6)
  A wyvern zombie (D:7)
  Dowan (D:6)
  3 killer bees (D:8)
  5 wights
  A howler monkey (D:5)
  A centaur zombie (D:7)
  A bullfrog zombie (D:7)
  An orc priest (D:8)
  6 hounds
  A jelly (D:7)
  A centaur skeleton (D:4)
  4 iguanas
  An orc wizard (D:4)
  A hound skeleton (D:4)
  4 adders
  2 shadow imps
  2 white imps (D:6)
  A dart slug (D:4)
  12 orcs
  2 bats
  5 endoplasms
  A giant cockroach (D:2)
  4 goblins
  A hobgoblin (D:1)
  2 jackals (D:2)
  4 quokkas
  7 ball pythons
  15 kobolds
  4 rats
124 creatures vanquished.

Vanquished Creatures (others)
  4 withered plants (D:5)
4 creatures vanquished.

Grand Total: 128 creatures vanquished

Notes
Turn   | Place    | Note
-------+----------+-------------------------------------------
     0 | D:1      | Shayle the Ogre Warper began the quest for the Orb.
     0 | D:1      | Reached XP level 1. HP: 22/22 MP: 3/3
   186 | D:1      | Found a faded altar of an unknown god.
   683 | D:1      | Reached skill level 3 in Fighting
  1068 | D:2      | Reached XP level 2. HP: 31/31 MP: 5/5
  1343 | D:2      | Reached XP level 3. HP: 33/39 MP: 6/6
  1346 | D:2      | Learned a level 2 spell: Blink
  1350 | D:2      | Learned a level 3 spell: Teleport Other
  1738 | D:2      | Found a radiant altar of Vehumet.
  1945 | D:2      | Reached skill level 4 in Fighting
  3148 | D:4      | Reached XP level 4. HP: 43/49 MP: 7/7
  3467 | D:4      | Reached skill level 5 in Fighting
  3559 | D:4      | Reached XP level 5. HP: 52/57 MP: 8/8
  4004 | D:4      | Reached skill level 6 in Fighting
  4004 | D:4      | Reached XP level 6. HP: 67/67 MP: 9/9
  4103 | D:4      | Found a shadowy altar of Dithmenos.
  4391 | D:5      | Entered Level 5 of the Dungeon
  4759 | D:5      | Noticed a sky beast
  5173 | D:5      | Found a runed translucent gate.
  5174 | D:5      | Found a runed translucent gate.
  5174 | D:5      | Found a runed translucent gate.
  5175 | D:5      | Noticed Dittersdorf's ghost (novice GrFi)
  5176 | D:5      | Noticed robertstho's ghost (weakling TrDe)
  5176 | D:5      | Noticed AlleluiaPinecone's ghost (amateur VSBr)
  5194 | D:5      | Found a staircase to the Ecumenical Temple.
  5202 | Temple   | Entered the Ecumenical Temple
  5289 | Temple   | Became a worshipper of Kikubaaqudgha
  5349 | D:5      | Killed a sky beast
  5350 | D:5      | Reached skill level 7 in Fighting
  5350 | D:5      | Reached skill level 5 in Maces & Flails
  5350 | D:5      | Reached XP level 7. HP: 51/78 MP: 10/10
  5897 | D:5      | Found a hazy altar of Hepliaklqana.
  5898 | D:5      | Found a shimmering altar of Xom.
  5899 | D:5      | Noticed a spectral ugly thing
  5907 | D:5      | Noticed a wyvern
  6362 | D:5      | Killed a wyvern
  6435 | D:6      | Noticed Duvessa
  6446 | D:7      | Reached skill level 8 in Fighting
  6491 | D:7      | Identified a scroll of acquirement
  6491 | D:7      | Acquired a +2 spectral giant club
  6831 | D:6      | Reached XP level 8. HP: 89/89 MP: 11/11
  6895 | D:6      | Reached skill level 9 in Fighting
  7322 | D:7      | Noticed a vampire
  7326 | D:7      | Killed a vampire
  7327 | D:7      | Reached skill level 10 in Fighting
  7669 | D:8      | Reached XP level 9. HP: 97/102 MP: 12/12
  7714 | D:6      | Reached skill level 11 in Fighting
  7916 | D:6      | Noticed Dowan
  7928 | D:6      | Killed Dowan
  7960 | D:7      | Learned a level 5 spell: Manifold Assault
  8048 | D:6      | Reached * piety under Kikubaaqudgha
  8048 | D:6      | Received a gift from Kikubaaqudgha
  8127 | D:6      | Noticed Menkaure
  8392 | D:8      | Found Bukh's Assorted Antiques.
  8407 | D:8      | Bought a scroll labelled BUSANO ENUEKH for 33 gold pieces
  8407 | D:8      | Bought a coppery potion for 29 gold pieces
  8407 | D:8      | Bought a fuming sapphire potion for 29 gold pieces
  8407 | D:8      | Bought a tubular iron ring for 165 gold pieces
  9117 | D:8      | Identified the +1 rapier of Ru {holy, rElec}
  9210 | D:8      | Found Nakhlod's General Store.
  9714 | D:8      | Found Ninwah's Weapon Emporium.
  9778 | D:8      | Noticed Erica
  9787 | D:8      | Killed Erica
  9788 | D:8      | Reached skill level 12 in Fighting
  9788 | D:8      | Reached XP level 10. HP: 67/115 MP: 16/16
 10251 | D:9      | Noticed Maurice
 10256 | D:9      | Killed Maurice
 10464 | D:6      | Reached skill level 5 in Spellcasting
 10546 | D:6      | Killed Menkaure
 10631 | D:6      | Killed Duvessa
 10956 | D:6      | Found a sparkling altar of Nemelex Xobeh.
 10964 | D:6      | Found a stormy altar of Qazlal.
 10969 | D:6      | Found an opulent altar of Gozag.
 10976 | D:6      | Found a blossoming altar of Fedhas.
 10981 | D:6      | Found a white marble altar of Elyvilon.
 10989 | D:6      | Found a radiant altar of Vehumet.
 10994 | D:6      | Found a glowing silver altar of Zin.
 11054 | D:6      | Found a sacrificial altar of Ru.
 11392 | D:9      | Noticed a two-headed ogre
 11416 | D:9      | Killed a two-headed ogre
 11417 | D:9      | Reached skill level 5 in Translocations
 11431 | D:8      | HP: 3/118 [orc wizard/puff of flame (9)]
 11432 | D:8      | Killed from afar by an orc wizard

Illustrated notes

Levels and vault maps discovered:
D:1:      minmay_arrival_solitary_statue, layout_basic,
          chequers_ecumenical_altar_island
D:2:      layout_basic, basic_altar, minivault_26
D:3:      layout_basic
D:4:      layout_basic, nicolae_dithmenos_through_a_glass_darkly
D:5:      layout_basic, regret_index_temple_of_mockery,
          minmay_temple_entry_butterflies, gammafunk_ghost_cemetery
D:6:      layout_basic, grunt_temple_overflow_octagram,
          mainiacjoe_overflow_24_doors, uniq_menkaure, uniq_duvessa
D:7:      layout_gridville
D:8:      layout_basic, serial_shops, kennysheep_mini, shop_statue, shop,
          grunt_decor_arrowhead, uniq_erica
D:9:      layout_rooms, uniq_grum, uniq_maurice
Temple:   zaba_magenta_temple

Skill      XL: |  1  2  3  4  5  6  7  8  9 10 |
---------------+-------------------------------+-----
Fighting       | 3 4 5 6 7 8 10 12 | 12.8
Maces & Flails | 2 3 4 5 7 8 9 |  9.1
Translocations | 4 5 |  5.1
Spellcasting   | 4 5 |  5.7
Throwing       | |  1.0
Dodging        | |  2.1

Action                   |  1- 3 |  4- 6 |  7- 9 | 10-12 || total
-------------------------+-------+-------+-------+-------++-------
Melee: Mace              |    36 |       |       |       ||    36
       War axe           |    68 |    43 |       |       ||   111
       Hand axe          |       |    18 |       |       ||    18
       Giant spiked club |       |     4 |    50 |       ||    54
       Giant club        |       |       |   101 |    29 ||   130
Throw: Boomerang         |     5 |       |       |       ||     5
       Dart              |       |    14 |     2 |       ||    16
 Cast: Blink             |       |     3 |     8 |       ||    11
Evoke: Wand              |       |     6 |    15 |    12 ||    33
  Use: Scroll            |     5 |     1 |     8 |       ||    14
       Potion            |       |     3 |     1 |       ||     4
 Stab: Sleeping          |     1 |       |       |       ||     1
       Paralysed         |       |       |       |     1 ||     1
Armor: Robe              |    35 |    25 |    57 |    11 ||   128
Dodge: Dodged            |    65 |    39 |    94 |    15 ||   213

Table legend: (Time is in decaauts)
 A = Elapsed time spent in this place.
 B = Non-inter-level travel time spent in this place.
 C = Inter-level travel time spent in this place.
 D = Time resting spent in this place.
 E = Time spent auto-exploring this place.
 F = Levels seen in this place.
 G = Mean time per level.
                   A        B        C        D        E       F      G
               +--------+--------+--------+--------+--------+-----+--------+
         Total |  11567 |  10980 |    587 |   2714 |   6509 |  10 | 1156.7 |
       Dungeon |  11464 |  10892 |    572 |   2714 |   6459 |   9 | 1273.8 |
        Temple |    102 |     87 |     15 |      0 |     50 |   1 |  102.0 |
               +--------+--------+--------+--------+--------+-----+--------+

Top non-repeatable levels by time:
     D:8: 2035 daAuts
     D:5: 1714 daAuts
     D:4: 1568 daAuts
     D:7: 1465 daAuts
     D:6: 1433 daAuts
     D:3: 1139 daAuts
     D:2: 1070 daAuts
     D:1: 954 daAuts
  Temple: 102 daAuts
     D:9: 84 daAuts
